[Event "Early-Titled-Tuesday-Blitz-January-16-2024"]
[Site "Chess.com"]
[Date "2024.01.16"]
[Round "7"]
[White "tusplingher"]
[Black "LaPiToB"]
[Result "1-0"]
[WhiteElo "2481"]
[BlackElo "2307"]
[TimeControl "180+1"]
[EndTime "9:20:57 PST"]
[Termination "tusplingher won by resignation"]

1. e4 c6 2. Nf3 d5 3. Nc3 dxe4 4.
Nxe4 Nf6 5. Qe2 Nxe4 6. Qxe4 Qa5 7. Bc4 Bf5 8. Qf4 e6 9. O-O Nd7 10. d3 Be7 11. Bd2 Qb6 12. Bc3 O-O 13. Rfe1 Bf6 14.
Nd4 e5 15. Qxf5 exd4 16. Bd2 Nc5 17. Re2 Rfe8 18. Rae1 Rxe2 19. Rxe2 Na4 20. Qd7 Qd8 21. Bxf7+ Kh8 22. Re8+ Qxe8 23. Bxe8 Rd8 24. Qf7 1-0

[Event "Early-Titled-Tuesday-Blitz-January-16-2024"]
[Site "Chess.com"]
[Date "2024.01.16"]
[Round "7"]
[White "DeArron_Fox"]
[Black "KnightmareJoker"]
[Result "1-0"]
[WhiteElo "2415"]
[BlackElo "2102"]
[TimeControl "180+1"]
[EndTime "9:20:58 PST"]
[Termination "DeArron_Fox won by resignation"]

1. d4 d5 2. c4 e6 3. Nc3 Nf6 4. cxd5 exd5 5. Bg5 c6 6. e3 Be7 7. Bd3 Nbd7 8. Qc2 O-O 9. Nf3 Re8 10. O-O Nf8 11. Ne5 Ng4 12. Bxe7 Qxe7 13. Nxg4 Bxg4 14. Rae1 Ng6 15. f3 Be6 16. f4 Bd7 17. f5 Nf8 18. f6 Qd6 19. fxg7 Ng6 20. Qf2 Be6 21. e4 c5 22.
dxc5 Qd7 23. Bb5 1-0

[Event "Early-Titled-Tuesday-Blitz-January-16-2024"]
[Site "Chess.com"]
[Date "2024.01.16"]
[Round "7"]
[White "francyIM"]
[Black "MagnusCarlsen"]
[Result "0-1"]
[WhiteElo "2839"]
[BlackElo "3306"]
[TimeControl "180+1"]
[EndTime "9:21:06 PST"]
[Termination "MagnusCarlsen won by resignation"]

1. d4 h6 2. Nc3 a6 3. a4 d5 4. Bf4 Nf6 5. e3 Bf5 6. Nf3 e6 7. Ne5 c5 8. g4 Bh7 9. h4 Nfd7 10. Bg2 cxd4 11. exd4 Nxe5 12. Bxe5 Nc6 13. Bg3 Qb6 14. O-O Be7 15. Ne2 Qxb2 16. c4 dxc4 17. d5 exd5 18. Nf4 O-O 19. Nxd5 c3 20. Nxe7+ Nxe7 21. Qd6 Nc6 22. Bxc6 bxc6 23. Be5 Qe2 24. Bxc3 Qxg4+ 25. Qg3 Qxg3+ 26. fxg3 Rab8 27. Rf4 Rb3 28. Rc1 Re8 29. Rg4 Bg6 30. h5 Re4 31. Rxe4 Bxe4 32. Kf2 f6 33. Ke3 Bd5 34. g4 Ra3 35. a5 Be6 36. Kd4 Bxg4 37. Kc5 Bxh5 38. Rc2 Bg6 39. Rc1 Bd3 40. Kxc6 Rb3 41. Kd6 Rb1 0-1

[Event "Early-Titled-Tuesday-Blitz-January-16-2024"]
[Site "Chess.com"]
[Date "2024.01.16"]
[Round "7"]
[White "Bushonica"]
[Black "MANOJ_MISHRA123"]
[Result "0-1"]
[WhiteElo "1806"]
[BlackElo "2245"]
[TimeControl "180+1"]
[EndTime "9:21:08 PST"]
[Termination "MANOJ_MISHRA123 won by resignation"]

1. e4 g6 2. d4 Bg7 3. Nf3 c5 4. c3 cxd4 5. cxd4 Nc6 6. d5 Ne5 7. Nc3 Nxf3+ 8. Qxf3 d6 9. Bd2 Nf6 10. h3 O-O 11. Bd3 a6 12. O-O b5 13. a3 Nd7 14.
Qe2 Ne5 15. f4 Nxd3 16. Qxd3 Bd7 17. Be3 Rb8 18. Rae1 Rc8 19. Bd2 Qb6+ 20. Kh1 b4 21. axb4 Qxb4 22. e5 Bf5 23. Qxa6 Qxb2 24. Qe2 dxe5 25.
fxe5 Rxc3 26. Bxc3 Qxc3 27. e6 fxe6 28. dxe6 h5 29.
Qf2 Bd4 30. Qf4 Kg7 31. Rc1 Qe3 32. Rc7 Qxf4 33. Rxe7+ Kf6 0-1

[Event "Early-Titled-Tuesday-Blitz-January-16-2024"]
[Site "Chess.com"]
[Date "2024.01.16"]
[Round "7"]
[White "elpatodice"]
[Black "kritipatel"]
[Result "1-0"]
[WhiteElo "2405"]
[BlackElo "2183"]
[TimeControl "180+1"]
[EndTime "9:21:13 PST"]
[Termination "elpatodice won by resignation"]

1. e4 e5 2. Nf3 Nc6 3. Bc4 Nf6 4. d3 Bc5 5. Nc3 d6 6. O-O O-O 7. a4 a6 8. Re1 Bg4 9. h3 Bh5 10. g4 Bg6 11. Nd5 Nxd5 12. exd5 Nd4 13. c3 Nxf3+ 14.
Qxf3 f5 15. Be3 Bxe3 16. Rxe3 Qh4 17. Qg2 fxg4 18. hxg4 Rf4 19. Rg3 Raf8 20. Rf1 e4 21. dxe4 Bxe4 22. f3 Bg6 23. Bb3 Bd3 24. Rf2 Qe7 25.
Rh3 Qe1+ 26. Kh2 Qe5 27. Qg3 Qe3 28. Kg2 Be2 29. Qh4 Bxf3+ 30. Kh2 Rxg4 31. Qxh7+ Kf7 32. Rhxf3+ Qxf3 33. Rxf3+ Ke7 34. Rxf8 Kxf8 35. Qf5+ 1-0

[Event "Early-Titled-Tuesday-Blitz-January-16-2024"]
[Site "Chess.com"]
[Date "2024.01.16"]
[Round "7"]
[White "IMRosen"]
[Black "scarabee43"]
[Result "0-1"]
[WhiteElo "2648"]
[BlackElo "2816"]
[TimeControl "180+1"]
[EndTime "9:21:14 PST"]
[Termination "scarabee43 won by resignation"]

1. e4 c5 2. Nc3 Nc6 3. Bb5 Nd4 4. Nf3 e6 5. O-O a6 6. Bd3 Nc6 7. Be2 Nf6 8. d4 c4 9. Bxc4 Bb4 10. e5 Bxc3 11.
exf6 Bb4 12. fxg7 Rg8 13. d5 Na5 14. Bd3 Qf6 15. c3 Qxg7 16. g3 Be7 17. Bf4 b5 18. b4 Nc4 19. a4 Nb2 20. Qe2 Nxa4 21. dxe6 dxe6 22. Qe4 Ra7 23. Be5 Qg6 24. Qd4 Rd7 25.
Bxg6 Rxd4 26. Bxf7+ Kxf7 27. Nxd4 Nxc3 28. Nxe6 Ne2+ 29.
Kg2 Bxe6 30. Rxa6 Bc4 31. Re1 Bxb4 32. Rd1 Re8 33. Rd7+ Re7 34. Rxe7+ Bxe7 35. Ra7 Ke6 36. Bg7 Bc5 37. f4 Bxa7 38. g4 Nxf4+ 39. Kg3 Ng6 40. h4 Bb8+ 41. Kh3 Nf4+ 42. Kg3 Nh5+ 43. Kf3 Nxg7 44.
g5 Kf5 45. Ke3 Ne6 46. h5 Kxg5 47. h6 Kxh6 48. Kd2 Kg5 0-1

[Event "Early-Titled-Tuesday-Blitz-January-16-2024"]
[Site "Chess.com"]
[Date "2024.01.16"]
[Round "7"]
[White "lucliasco"]
[Black "only_strong_moves"]
[Result "1-0"]
[WhiteElo "2898"]
[BlackElo "2532"]
[TimeControl "180+1"]
[EndTime "9:21:16 PST"]
[Termination "lucliasco won by resignation"]

1. e4 e5 2. Nf3 Nc6 3. Nc3 Nf6 4.
d4 exd4 5. Nxd4 Bb4 6. Nxc6 bxc6 7. Bd3 d5 8. Bd2 O-O 9. O-O Bd6 10. Bg5 h6 11.
Bh4 Be5 12. exd5 cxd5 13. Re1 Qd6 14. h3 Rb8 15. Nb5 Rxb5 16. Bxb5 Bxb2 17. Rb1 Bc3 18. Re3 d4 19. Bxf6 Qxf6 20. Rf3 Qg5 21. Bd3 Be6 22.
a4 Qa5 23. Rg3 Qxa4 24. Qh5 Kh8 25. Qe5 Rg8 26. Rb8 f6 27. Rxg8+ Bxg8 28. Qe7 1-0

[Event "Early-Titled-Tuesday-Blitz-January-16-2024"]
[Site "Chess.com"]
[Date "2024.01.16"]
[Round "7"]
[White "RojonR"]
[Black "kidagent"]
[Result "0-1"]
[WhiteElo "2573"]
[BlackElo "2286"]
[TimeControl "180+1"]
[EndTime "9:21:19 PST"]
[Termination "kidagent won on time"]

1. d4 d5 2. Nf3 Nf6 3. g3 c6 4.
Bg2 e6 5. O-O Nbd7 6. c4 Bd6 7.
c5 Bc7 8. Nc3 O-O 9. Re1 e5 10.
dxe5 Nxe5 11. Qd4 Re8 12. Bf4 Qe7 13. Nxe5 Bxe5 14. Bxe5 Qxe5 15. Qxe5 Rxe5 16. e3 Bd7 17. Rad1 Bf5 18. Ne2 Nd7 19. Nd4 Bg6 20. b4 a5 21. b5 cxb5 22. Nxb5 Nxc5 23. Rxd5 Rxd5 24. Bxd5 Rd8 25. Bg2 Rd2 26. Rc1 b6 27. a4 h5 28.
Bc6 Nxa4 29. Nd4 Nc5 30. Rb1 Bxb1 0-1

[Event "Early-Titled-Tuesday-Blitz-January-16-2024"]
[Site "Chess.com"]
[Date "2024.01.16"]
[Round "7"]
[White "hawes33"]
[Black "Flaccidmoves"]
[Result "0-1"]
[WhiteElo "2277"]
[BlackElo "2432"]
[TimeControl "180+1"]
[EndTime "9:21:22 PST"]
[Termination "Flaccidmoves won on time"]

1. e4 e6 2. Nf3 d5 3. e5 c5 4. b4 c4 5. c3 f6 6. d4 cxd3 7. Qxd3 Nc6 8. exf6 Nxf6 9. Bg5 Bd6 10. Be2 O-O 11.
O-O Qe8 12. Re1 Qh5 13. Bxf6 Rxf6 14. h3 Bd7 15. Nbd2 Raf8 16. Nf1 Qh6 17. Rad1 Be8 18. a3 Bh5 19. Ng3 Bxf3 20. Bxf3 Rxf3 21. gxf3 Qxh3 22.
Re2 Ne5 23. Rxe5 Bxe5 24. f4 Bxf4 25. Re1 Rf6 26. Re2 Bxg3 27. Qxg3 Rg6 28. Qxg6 hxg6 0-1

[Event "Early-Titled-Tuesday-Blitz-January-16-2024"]
[Site "Chess.com"]
[Date "2024.01.16"]
[Round "7"]
[White "AlbusSevresPotter"]
[Black "dropstoneDP"]
[Result "0-1"]
[WhiteElo "2579"]
[BlackElo "3027"]
[TimeControl "180+1"]
[EndTime "9:21:23 PST"]
[Termination "dropstoneDP won on time"]

1. e4 e5 2. Nf3 Nf6 3. Nxe5 d6 4.
Nf3 Nxe4 5. Nc3 Nxc3 6. dxc3 Be7 7. Bf4 O-O 8. Qd2 Nd7 9. O-O-O Re8 10. Bc4 Nb6 11. Bb3 c5 12. c4 d5 13. Qa5 Bd6 14.
Bg5 Qc7 15. cxd5 c4 16. Ba4 Nxa4 17. Qxc7 Bxc7 18. d6 Bb6 19. d7 Bxd7 20. Rxd7 c3 21. b3 Nc5 22. Re7 Ne4 23. Re1 Rxe7 24. Bxe7 f5 25. g4 Bxf2 26. Re2 Re8 27. Bb4 fxg4 28. Ng5 Nf6 29. Rxe8+ Nxe8 30. Bxc3 Bg1 31. Be5 Be3+ 0-1

[Event "Early-Titled-Tuesday-Blitz-January-16-2024"]
[Site "Chess.com"]
[Date "2024.01.16"]
[Round "7"]
[White "guillembaches"]
[Black "ChessSwole"]
[Result "1/2-1/2"]
[WhiteElo "2525"]
[BlackElo "2693"]
[TimeControl "180+1"]
[EndTime "9:21:23 PST"]
[Termination "Game drawn by repetition"]

1. d4 d5 2. Nf3 Nf6 3. Bg5 Ne4 4. Bf4 c5 5. e3 Nc6 6. c3 Qb6 7. Qb3 c4 8. Qc2 Bf5 9. Qc1 e6 10. Nbd2 Bd6 11. Nxe4 Bxf4 12. exf4 Bxe4 13. Be2 O-O 14. O-O Qc7 15. Ne5 b5 16. Nxc6 Qxc6 17. a3 a5 18. h4 Rfb8 19. g4 h6 20. g5 hxg5 21. hxg5 b4 22. axb4 axb4 23. f3 Bf5 24. Kf2 Rxa1 25.
Qxa1 Qc7 26. Ke3 Qb7 27. Rh1 Ra8 28. Qe1 bxc3 29. Qh4 Kf8 30. bxc3 Ra2 31. Qh8+ Ke7 32. Qxg7 Bg6 33. Rh8 Rxe2+ 34. Kxe2 Qb2+ 35. Kf1 Qc1+ 36. Kg2 Qd2+ 37. Kg3 Qe1+ 38. Kg2 Qe2+ 39. Kg3 Qe1+ 40. Kg2 Qe2+ 41. Kg3 Qe1+ 1/2-1/2

[Event "Early-Titled-Tuesday-Blitz-January-16-2024"]
[Site "Chess.com"]
[Date "2024.01.16"]
[Round "7"]
[White "Maestro-Fermin"]
[Black "Happy1712Drummer"]
[Result "1-0"]
[WhiteElo "2620"]
[BlackElo "2476"]
[TimeControl "180+1"]
[EndTime "9:21:23 PST"]
[Termination "Maestro-Fermin won on time"]

1. d4 e6 2. c4 Nf6 3. Nc3 d5 4. Bg5 a6 5. e3 Be7 6. Nf3 O-O 7.
Rc1 h6 8. Bf4 c5 9. dxc5 Nc6 10.
cxd5 exd5 11. Be2 Bxc5 12. O-O Ba7 13. Na4 Re8 14. h3 Ne4 15. a3 Be6 16. Nd4 Nxd4 17. exd4 Qf6 18. Be5 Qg6 19. Bh5 Qg5 20. f4 Qh4 21. Bf3 Ng3 22. Re1 f6 23. Bc7 Nf5 24. Rxe6 Bxd4+ 25. Kh1 Rxe6 26. Bxd5 Re8 27. Bb6 Kh8 28.
Bxe6 Bxb6 29. Nxb6 Rxe6 30. Qd8+ Kh7 31. Qd3 1-0

[Event "Early-Titled-Tuesday-Blitz-January-16-2024"]
[Site "Chess.com"]
[Date "2024.01.16"]
[Round "7"]
[White "talaicito"]
[Black "stratacticos"]
[Result "1-0"]
[WhiteElo "2283"]
[BlackElo "1977"]
[TimeControl "180+1"]
[EndTime "9:21:24 PST"]
[Termination "talaicito won by resignation"]

1. d4 Nf6 2. Nc3 c5 3. d5 d6 4. h4 h5 5. Bg5 Nbd7 6. e4 g6 7. Nf3 Bg7 8. Be2 Rb8 9. a4 b6 10. O-O O-O 11. Qd2 Ng4 12. Nb5 Rb7 13. c3 a6 14.
Nxd6 f6 15. Nxb7 Bxb7 16. Bf4 f5 17. Ng5 Rf6 18. Bxg4 fxg4 19. Ne6 Qc8 20. Bh6 Bh8 21. f3 Ne5 22. Bf4 Rf7 23. Bxe5 Bxe5 24. Qg5 Kh7 25. Qxe5 1-0

[Event "Early-Titled-Tuesday-Blitz-January-16-2024"]
[Site "Chess.com"]
[Date "2024.01.16"]
[Round "7"]
[White "Balla_Tamas"]
[Black "NinoMaisuradze"]
[Result "1-0"]
[WhiteElo "2469"]
[BlackElo "2300"]
[TimeControl "180+1"]
[EndTime "9:21:27 PST"]
[Termination "Balla_Tamas won on time"]

1. e4 c5 2. c3 d5 3. exd5 Qxd5 4.
d4 Nf6 5. Nf3 Bg4 6. Be2 e6 7.
Be3 cxd4 8. cxd4 Nc6 9. Nc3 Bb4 10. O-O Qd6 11. h3 Bf5 12. Qb3 O-O 13. Rad1 Nd5 14. Nxd5 exd5 15. Ne5 Rac8 16. Bf4 Nxe5 17. dxe5 Qe7 18. Qxd5 Rc2 19. Bd3 Bxd3 20. Rxd3 Rxb2 21. Rg3 Rd8 22. Qc4 Qc5 23. Qe4 Qc6 24. Qf5 Qe6 25. Qg5 1-0

[Event "Early-Titled-Tuesday-Blitz-January-16-2024"]
[Site "Chess.com"]
[Date "2024.01.16"]
[Round "7"]
[White "NowInChess"]
[Black "emeli_chess"]
[Result "0-1"]
[WhiteElo "2298"]
[BlackElo "2455"]
[TimeControl "180+1"]
[EndTime "9:21:27 PST"]
[Termination "emeli_chess won on time"]

1. e4 c5 2. d3 d5 3. Nd2 Nc6 4.
Ngf3 e5 5. g3 f6 6. exd5 Qxd5 7.
Bg2 Qd7 8. O-O b6 9. Re1 Bb7 10. Nh4 Nge7 11. Nc4 O-O-O 12. a4 Nd4 13. Be3 Bxg2 14.
Kxg2 Nec6 15. Nf3 Qd5 16. Bxd4 Nxd4 17. a5 b5 18. Ne3 Qxf3+ 19. Qxf3 Nxf3 20. Kxf3 a6 21. Red1 Kb7 22. c4 Kc6 23. Nd5 Rxd5 24. cxd5+ Kxd5 25.
Ke3 Bd6 26. f4 Re8 27. f5 Bc7 28. b3 Rd8 29. g4 h6 30. h4 Rh8 31. Rh1 Bd8 32. Ra2 Be7 33. Rg2 Rd8 34. Rc2 Rd7 35. Ra2 Bd8 36. Rg1 Kc6 37. Rgg2 Rd4 38. Rg1 Be7 39.
Rgg2 Rf4 40. Raf2 Rb4 41. Rb2 Bd8 0-1

[Event "Early-Titled-Tuesday-Blitz-January-16-2024"]
[Site "Chess.com"]
[Date "2024.01.16"]
[Round "7"]
[White "Zakaryan_David"]
[Black "Matols"]
[Result "0-1"]
[WhiteElo "2643"]
[BlackElo "2398"]
[TimeControl "180+1"]
[EndTime "9:21:28 PST"]
[Termination "Matols won by checkmate"]

1. e4 c6 2. d4 d5 3. e5 c5 4. dxc5 e6 5. a3 Bxc5 6. Nf3 f6 7. b4 Be7 8. Bb2 Nc6 9. c4 Nxe5 10. Nxe5 fxe5 11. Bxe5 Nf6 12. Nc3 O-O 13. Be2 Bd6 14. Bxd6 Qxd6 15. O-O d4 16. Nb5 Qf4 17. Qxd4 e5 18. Qxf4 exf4 19. Bf3 a6 20. Nd6 Rb8 21. Rfe1 Rd8 22. c5 b6 23. Re7 bxc5 24. bxc5 Bg4 25.
Bxg4 Nxg4 26. Rd1 Rb2 27. c6 Rxd6 28. Rde1 Rxc6 29. h3 Nxf2 30. Rd7 h6 31. Ree7 Rg6 32. Re8+ Kh7 33. Rdd8 Nxh3+ 34. Kf1 Rgxg2 35. Rh8+ Kg6 36. Rd5 Rg1# 0-1

[Event "Early-Titled-Tuesday-Blitz-January-16-2024"]
[Site "Chess.com"]
[Date "2024.01.16"]
[Round "7"]
[White "TheNextLevelFan"]
[Black "Matrix3x3a"]
[Result "0-1"]
[WhiteElo "2592"]
[BlackElo "2459"]
[TimeControl "180+1"]
[EndTime "9:21:30 PST"]
[Termination "Matrix3x3a won by resignation"]

1. e4 e5 2. f4 exf4 3. Nf3 d6 4. d4 g5 5. h4 g4 6. Ng5 f6 7. Bxf4 fxg5 8. hxg5 Ne7 9. Bd3 Ng6 10. Be3 Bg7 11.
e5 dxe5 12. Rxh7 Nf4 13. Bxf4 Rxh7 14. Bxh7 exf4 15. Qe2+ Kf8 16. Bg6 Qe7 17. Be4 Qxg5 18. Nc3 Nc6 19. Kf1 Nxd4 20. Qc4 c6 21. Re1 Be6 22.
Qb4+ Qe7 23. Qa5 Bc4+ 24. Kg1 b5 25. a4 Qh4 26. Qb4+ Kg8 0-1

[Event "Early-Titled-Tuesday-Blitz-January-16-2024"]
[Site "Chess.com"]
[Date "2024.01.16"]
[Round "7"]
[White "andrzej"]
[Black "KSho99"]
[Result "1-0"]
[WhiteElo "2372"]
[BlackElo "2188"]
[TimeControl "180+1"]
[EndTime "9:21:31 PST"]
[Termination "andrzej won by resignation"]

1. e4 c6 2. d4 d5 3. exd5 cxd5 4. Bd3 Nc6 5. c3 Nf6 6. Bf4 Bg4 7. Qb3 Qd7 8. Nd2 e6 9. Ngf3 Bd6 10. Bxd6 Qxd6 11. O-O O-O 12. Rae1 Bh5 13. Ne5 Bg6 14. Bxg6 hxg6 15.
Qxb7 Ne7 16. Qb3 Rab8 17. Qc2 Rfc8 18. Re3 Nf5 19. Rh3 Nxd4 20. Qd3 Nf5 21. Rh8+ Kxh8 22. Nxf7+ Kg8 23. Nxd6 Nxd6 24. Qxg6 Rxb2 25. Nf3 Rxc3 26.
Ng5 Re2 27. Rb1 Rc8 28. h4 Rec2 29. Nxe6 Nde8 30. Nxg7 Nxg7 31. Qxf6 Rf8 32. Qg5 Rfxf2 33. Qxd5+ Kh7 34. Qe4+ Kh6 35. Qe3+ Kh7 36. Qxf2 1-0

[Event "Early-Titled-Tuesday-Blitz-January-16-2024"]
[Site "Chess.com"]
[Date "2024.01.16"]
[Round "7"]
[White "ValentinDragnev"]
[Black "sergoy"]
[Result "0-1"]
[WhiteElo "2780"]
[BlackElo "3011"]
[TimeControl "180+1"]
[EndTime "9:21:32 PST"]
[Termination "sergoy won on time"]

1. e4 c5 2. Nf3 d6 3. Nc3 a6 4. d4 cxd4 5. Qxd4 Nc6 6. Qd3 Nf6 7.
Nd5 Bg4 8. Be3 Nxd5 9. exd5 Bxf3 10. gxf3 Ne5 11. Qe4 g6 12. f4 f5 13. Qb4 Nd7 14. Bd4 Rg8 15. h4 h5 16. Rg1 b5 17.
Be2 Kf7 18. a4 bxa4 19. Rxa4 Bh6 20. Be3 Rb8 21. Qa3 Qc7 22. c3 Qb7 23. Rb4 Qc7 24. Bxa6 Rxb4 25. Qxb4 Rb8 26. Bb5 Nf6 27. c4 Bg7 28.
Ke2 Ng4 29. Ra1 Nxe3 30. fxe3 Bf6 31. Ra6 Bxh4 32. Qa3 Bf6 33. b4 h4 34. Ra7 Qd8 35. Qd3 h3 36. c5 h2 37. c6 h1=Q 38. c7 Qdh8 39. cxb8=Q Q8h5+ 0-1

[Event "Early-Titled-Tuesday-Blitz-January-16-2024"]
[Site "Chess.com"]
[Date "2024.01.16"]
[Round "7"]
[White "vugarrasulov"]
[Black "Elsa167"]
[Result "1-0"]
[WhiteElo "2971"]
[BlackElo "2845"]
[TimeControl "180+1"]
[EndTime "9:21:33 PST"]
[Termination "vugarrasulov won on time"]

1. d4 Nf6 2. c4 g6 3. Nc3 Bg7 4.
e4 d6 5. h3 O-O 6. Be3 e5 7. d5 Na6 8. g4 Nc5 9. Bd3 a5 10. Nge2 c6 11. Ng3 Bd7 12. Kf1 cxd5 13. cxd5 Nxd3 14. Qxd3 a4 15. Kg2 Qa5 16. Rhc1 Rfc8 17.
a3 Ne8 18. Qd2 Nc7 19. Bh6 Bh8 20. Nf5 Bxf5 21. gxf5 Nb5 22. Nxb5 Qxb5 23. Bg5 Rc4 24.
Qd3 Rac8 25. Be7 Qa6 26. Rxc4 Rxc4 27. Bxd6 b5 28. Be7 Bf6 29. d6 Rd4 30. Qg3 Kg7 31.
Bxf6+ Kxf6 32. Qh4+ Kg7 33. f6+ Kf8 34. Qxh7 1-0

[Event "Early-Titled-Tuesday-Blitz-January-16-2024"]
[Site "Chess.com"]
[Date "2024.01.16"]
[Round "7"]
[White "forevery0ung"]
[Black "SantoBlue"]
[Result "0-1"]
[WhiteElo "2843"]
[BlackElo "2951"]
[TimeControl "180+1"]
[EndTime "9:21:33 PST"]
[Termination "SantoBlue won by resignation"]

1. e4 d6 2. d4 Nf6 3. Nc3 e5 4.
dxe5 dxe5 5. Qxd8+ Kxd8 6. Bc4 Ke8 7. f3 c6 8. a4 Bb4 9. Ne2 Ba5 10. Be3 Nbd7 11.
O-O-O Bb6 12. Bxb6 Nxb6 13. Bb3 Ke7 14. g4 a5 15. Ng3 g6 16. h4 h5 17. g5 Nfd7 18.
Rd2 Nc5 19. Rhd1 Nxb3+ 20. cxb3 Be6 21. Kc2 Nd7 22. Nge2 Nc5 23. Nc1 Ra6 24. Re1 Rb6 25.
Re3 Bxb3+ 26. Nxb3 Nxb3 27. Nd5+ cxd5 28. Rxb3 Rc6+ 29. Kb1 d4 30. Rxb7+ Ke6 31. Rc2 Rhc8 32. Rxc6+ Rxc6 33. Rb5 f6 34. Rd5 fxg5 35. hxg5 h4 36. f4 exf4 37. Rxd4 h3 38. Rd3 Ke5 39. Rxh3 Kxe4 40.
Rh8 f3 41. Rf8 Rc5 42. b3 Rf5 43. Kc2 Rxf8 0-1

[Event "Early-Titled-Tuesday-Blitz-January-16-2024"]
[Site "Chess.com"]
[Date "2024.01.16"]
[Round "7"]
[White "Statham_01"]
[Black "Iball95"]
[Result "0-1"]
[WhiteElo "2551"]
[BlackElo "2755"]
[TimeControl "180+1"]
[EndTime "9:21:33 PST"]
[Termination "Iball95 won by resignation"]

1. e4 c5 2. Nf3 e6 3. d4 cxd4 4. Nxd4 Nf6 5. Nc3 Nc6 6. Ndb5 Bc5 7. Bf4 O-O 8. Bc7 Qe7 9. Bd6 Bxd6 10. Qxd6 Qd8 11.
Nc7 Rb8 12. e5 Ng4 13. f4 Ne3 14. Bd3 Nxg2+ 15. Kd2 Nxf4 16. Rhg1 a6 17. Raf1 Nxd3 18. cxd3 Qe7 19. Ne4 Qxd6 20. exd6 f5 21. Ng3 b6 22. h4 Bb7 23. Nh5 Rf7 24. Rg3 Ne5 25. d4 Ng4 26. Rb3 b5 27. a4 Bc6 28. axb5 axb5 29.
Ra1 f4 30. d5 exd5 31. Rg1 Ne5 32. Rh3 d4 33. Kd1 f3 34. Rhg3 g6 35. Ke1 f2+ 36. Kf1 Nc4 37. R1g2 Nd2+ 38. Ke2 f1=Q+ 39. Kxd2 Bxg2 0-1

[Event "Early-Titled-Tuesday-Blitz-January-16-2024"]
[Site "Chess.com"]
[Date "2024.01.16"]
[Round "7"]
[White "NoHeThTo"]
[Black "cristianserban1"]
[Result "1-0"]
[WhiteElo "2707"]
[BlackElo "2526"]
[TimeControl "180+1"]
[EndTime "9:21:34 PST"]
[Termination "NoHeThTo won on time"]

1. d4 Nf6 2. Nc3 d5 3. Bf4 c5 4.
e4 Nxe4 5. Nxe4 dxe4 6. dxc5 Qa5+ 7.
c3 Qxc5 8. Qa4+ Nc6 9. Qxe4 g6 10. Nf3 Bg7 11. Qe3 Qa5 12. Bc4 O-O 13. O-O e5 14. Bh6 Qb6 15. Qc1 Bg4 16. Bxg7 Kxg7 17. Bd5 Bxf3 18.
Bxf3 f5 19. Rd1 e4 20. Rd7+ Rf7 21. Rxf7+ Kxf7 22. Bd1 Kg7 23. Bb3 Rd8 24. h4 Ne5 25. Qf4 Nd3 26. Qg3 f4 27. Qg5 h6 28. Qe7+ Kh8 29. Rd1 Qxf2+ 30. Kh1 Qb6 31. Kh2 Qd6 32. Qxe4 f3+ 33. g3 f2 34. Bc4 f1=Q 35. Rxf1 Nc5 36.
Qf3 Nd7 37. Qe3 1-0

[Event "Early-Titled-Tuesday-Blitz-January-16-2024"]
[Site "Chess.com"]
[Date "2024.01.16"]
[Round "7"]
[White "EvgenyBurmakin"]
[Black "HajiyevKanan"]
[Result "0-1"]
[WhiteElo "2394"]
[BlackElo "2566"]
[TimeControl "180+1"]
[EndTime "9:21:34 PST"]
[Termination "HajiyevKanan won by resignation"]

1. e4 c6 2. Nc3 d5 3. Nf3 a6 4. h3 h6 5. d4 dxe4 6. Nxe4 Bf5 7. Bd3 e6 8. Qe2 Nf6 9. Nd6+ Bxd6 10. Bxf5 Qa5+ 11. c3 Qxf5 12. Bd2 Qe4 13. Be3 Bf4 14. O-O Bxe3 15. fxe3 Nd5 16. Rae1 O-O 17. Nd2 Qg6 18. e4 Nf6 19. e5 Nd5 20. Ne4 Nd7 21. Rf3 f5 22. Rg3 Qh7 23. Nd6 b5 24. b3 f4 25.
Rf3 Rab8 26. c4 bxc4 27. bxc4 Ne3 28. g3 Nf5 29. gxf4 Nxd4 30. Qf2 Nxf3+ 31. Qxf3 Rb1 32. Rxb1 Qxb1+ 33. Kh2 Qxa2+ 34. Kg3 Nxe5 35. Qe3 Nf7 36. Qxe6 Qa3+ 0-1

[Event "Early-Titled-Tuesday-Blitz-January-16-2024"]
[Site "Chess.com"]
[Date "2024.01.16"]
[Round "7"]
[White "Kostya0705"]
[Black "Lennis93"]
[Result "1-0"]
[WhiteElo "2583"]
[BlackElo "2765"]
[TimeControl "180+1"]
[EndTime "9:21:35 PST"]
[Termination "Kostya0705 won by resignation"]

1. e4 c5 2. Nf3 Nc6 3. Nc3 Qc7 4. d4 cxd4 5. Nxd4 e6 6. g4 a6 7. h4 Bb4 8. Nxc6 Qxc6 9. Qd4 Bxc3+ 10. bxc3 Nf6 11. f3 d5 12. e5 Nd7 13. Ba3 b6 14. Bd6 Bb7 15. Rb1 Rc8 16. Rb3 b5 17. Bd3 Nc5 18. Ra3 Na4 19. Kd2 Nb6 20. f4 h5 21.
f5 Nc4+ 22. Bxc4 dxc4 23. Rf1 Qg2+ 24. Rf2 Qxg4 25. fxe6 Qxe6 26. Qb6 Qd5+ 27. Kc1 Rh6 28. Rxa6 Bxa6 29. Qxa6 Qc6 30. Qa7 Qd7 31. Qd4 Rg6 32. Kb2 b4 33. cxb4 c3+ 34. Ka3 Rg3 35. Qd5 Qa7+ 36.
Kb3 Qxf2 37. Qb7 Qf6 38. exf6 1-0

[Event "Early-Titled-Tuesday-Blitz-January-16-2024"]
[Site "Chess.com"]
[Date "2024.01.16"]
[Round "7"]
[White "DenLaz"]
[Black "Kirill_Klukin"]
[Result "1-0"]
[WhiteElo "3080"]
[BlackElo "2864"]
[TimeControl "180+1"]
[EndTime "9:21:37 PST"]
[Termination "DenLaz won on time"]

1. d4 Nf6 2. c4 g6 3. Nc3 Bg7 4. g3 O-O 5. Bg2 d6 6. Nf3 c6 7. O-O Bf5 8. b3 Ne4 9. Bb2 Nxc3 10. Bxc3 Be4 11. e3 Nd7 12. Qe2 e5 13. Rfd1 Qc7 14.
Nxe5 dxe5 15. Bxe4 exd4 16. Bxd4 Bxd4 17. exd4 Rfe8 18. Qc2 a5 19. Kg2 Qd6 20. Bf3 Re7 21.
Qc3 Qf6 22. Re1 a4 23. Rxe7 Qxe7 24. Re1 Qa3 25. d5 cxd5 26. Bxd5 Nb6 27. Bxb7 Rb8 28.
Bc6 Qxa2 29. c5 axb3 30. cxb6 b2 31. Qb4 Qa6 32. Qxb2 1-0

[Event "Early-Titled-Tuesday-Blitz-January-16-2024"]
[Site "Chess.com"]
[Date "2024.01.16"]
[Round "7"]
[White "Marcin"]
[Black "Timerkhanov"]
[Result "0-1"]
[WhiteElo "2493"]
[BlackElo "2655"]
[TimeControl "180+1"]
[EndTime "9:21:38 PST"]
[Termination "Timerkhanov won by resignation"]

1. Nf3 d5 2. c4 d4 3. g3 Nc6 4. Bg2 e5 5. d3 Nf6 6. O-O a5 7.
e3 Be7 8. exd4 exd4 9. Bf4 O-O 10. Ne5 Nxe5 11. Bxe5 c5 12. Re1 Bd6 13. Nd2 Bxe5 14. Rxe5 Qd6 15. Qe2 Bg4 16. f3 Be6 17. Re1 a4 18. f4 Rab8 19. f5 Bd7 20. g4 h5 21. h3 hxg4 22. hxg4 Rfe8 23. g5 Ng4 24.
Qxg4 Rxe5 25. Ne4 Bxf5 26. Qxf5 Rxf5 27. Nxd6 Rxg5 28. Re7 Rg6 29. Nb5 Kf8 30. Rc7 Re8 31. Rxb7 Re2 32. Rb8+ Ke7 33. Rb7+ Kf6 34. Rb6+ Kg5 35.
Nd6 Kh5 36. Ne4 Rexg2+ 37. Kf1 Rxb6 0-1

[Event "Early-Titled-Tuesday-Blitz-January-16-2024"]
[Site "Chess.com"]
[Date "2024.01.16"]
[Round "7"]
[White "GrumbleBruno"]
[Black "Joshukid"]
[Result "1-0"]
[WhiteElo "2480"]
[BlackElo "2596"]
[TimeControl "180+1"]
[EndTime "9:21:38 PST"]
[Termination "GrumbleBruno won by resignation"]

1. e4 c5 2. c3 Nf6 3. e5 Nd5 4. d4 cxd4 5. cxd4 d6 6. Nf3 Nc6 7. Bc4 Nb6 8. Bb5 dxe5 9. Nxe5 Qd5 10. Bxc6+ bxc6 11. O-O c5 12. dxc5 Qxe5 13. cxb6 axb6 14. Re1 Qc7 15. Nc3 Bb7 16. Nb5 Qc6 17. Nd6+ Kd7 18.
Nxf7+ Ke8 19. Nd6+ Kd7 20. Nxb7+ Kc7 21. Bf4+ Kxb7 22. Rc1 Qb5 23. Rc7+ Ka6 24. a4 Qxb2 25. Qd3+ b5 26. axb5+ Qxb5 27. Rc6+ Ka5 28. Ra1+ Kb4 29.
Rb1+ Ka4 30. Qxb5+ 1-0